 Dungeon Crawl Stone Soup version 0.27-a0-279-gdfb9265905 (webtiles) character file.

Game seed: 7623101873250467055

47 tilp the Covert (level 3, 0/35 HPs)
             Began as a Gnoll Delver on Feb 7, 2021.
             Succumbed to a water moccasin's poison
             ... in a sewer.
             The game lasted 00:02:14 (438 turns).

tilp the Covert (Gnoll Delver)                       Turns: 438, Time: 00:02:15

Health: 0/35       AC:  6    Str: 11    XL:     3   Next: 70%
Magic:  4/4        EV: 12    Int: 10    God:
Gold:   4          SH:  0    Dex: 13    Spells: 3/3 levels left

rFire    . . .     SeeInvis .   a - +0 mace
rCold    . . .     Faith    .   (no shield)
rNeg     . . .     Spirit   .   j - +0 ring mail
rPois    .         Reflect  .   h - +0 helmet
rElec    .         Harm     .   (no cloak)
rCorr    .         Rampage  .   (no gloves)
Will     .....                  (no boots)
Stlth    +++.......             (no amulet)
HPRegen  0.11/turn              (no ring)
MPRegen  0.09/turn              (no ring)

@: lethally poisoned (0 -> -27), attractive, flying, hasted, very quick
A: distributed training, fangs 1, strong nose
a: no special abilities


You were in a sewer.
You visited 1 branch of the dungeon, and saw 4 of its levels.
You also visited: Sewer.

You collected 4 gold pieces.

Inventory:

Hand Weapons
 a - a +0 mace (weapon)
Missiles
 b - a stone (quivered)
Armour
 h - a +0 helmet (worn)
 j - a +0 ring mail (worn)
Wands
 g - a wand of digging (6)
Scrolls
 c - a scroll of fog
 d - a scroll of enchant armour {unknown}
 e - 2 scrolls of fear
Potions
 k - a potion of attraction


   Skills:
 + Level 6.5 Fighting
 + Level 0.9 Short Blades
 + Level 0.9 Long Blades
 + Level 0.9 Axes
 + Level 4.5 Maces & Flails
 + Level 0.9 Polearms
 + Level 0.9 Staves
 + Level 0.9 Slings
 + Level 0.9 Bows
 + Level 0.9 Crossbows
 + Level 0.9 Throwing
 + Level 0.9 Armour
 + Level 4.5 Dodging
 + Level 9.5 Stealth
 + Level 0.9 Shields
 + Level 0.9 Unarmed Combat
 + Level 0.9 Spellcasting
 + Level 0.6 Conjurations
 + Level 0.6 Hexes
 + Level 0.6 Summonings
 + Level 0.6 Necromancy
 + Level 0.6 Translocations
 + Level 0.6 Transmutations
 + Level 0.6 Fire Magic
 + Level 0.6 Ice Magic
 + Level 0.6 Air Magic
 + Level 0.6 Earth Magic
 + Level 0.6 Poison Magic
 + Level 1.0 Invocations
 + Level 0.9 Evocations


You had 3 spell levels left.
You didn't know any spells.
Your spell library was empty.

Dungeon Overview and Level Annotations

Branches:
Dungeon (6/15)              Sewer (1/1)
 Temple: D:4-7

Altars:


Innate Abilities, Weirdness & Mutations

Your experience applies equally to all skills.
You have very sharp teeth.
Your uncanny sense of smell can sniff out nearby items.


Message History

You fly up into the air.
* * * LOW HITPOINT WARNING * * *
You feel sick. The water moccasin bites you.
* * * LOW HITPOINT WARNING * * *
You are more poisoned.
The water moccasin poisons you!
Unknown command.
You closely miss the water moccasin.
The water moccasin is almost dead.
* * * LOW HITPOINT WARNING * * *
You feel sick.
The water moccasin bites you but does no damage.
You closely miss the water moccasin.
The water moccasin is severely wounded.
* * * LOW HITPOINT WARNING * * *
You feel sick. The water moccasin closely misses you.
Unknown command.
You hit the water moccasin.
The water moccasin is almost dead.
You die...

######## #
###....≈.### # #$∆
###..≈....≈..### #
(.##...≈.####.≈...###
# ###...≈.###
###≈..≈.### #((..≈≈##
##.....≈. ##.(≈..###
###≈≈.≈.###
$.##(S@..####≈.≈..###
# (∆ ###.....≈.≈..###
# ###....≈.### #
########


You could see a water moccasin.

Vanquished Creatures
  A centaur skeleton (D:4)
  An adder (D:4)
  An orc (D:4)
  A ball python (D:4)
  A giant cockroach (D:4)
  2 jackals (Sewer)
  3 kobolds (Sewer)
10 creatures vanquished.

Notes
Turn   | Place    | Note
-------+----------+-------------------------------------------
     0 | D:5      | Reached skill level 9 in Stealth
     0 | D:5      | tilp the Gnoll Delver began the quest for the Orb.
     0 | D:5      | Reached XP level 1. HP: 23/23 MP: 1/1
    24 | D:6      | Noticed a bullfrog
    42 | D:6      | Noticed a bullfrog
    58 | D:4      | Noticed an ogre
    73 | D:4      | Reached XP level 2. HP: 10/29 MP: 2/2
    73 | D:4      | Reached XP level 3. HP: 12/35 MP: 3/3
   180 | D:4      | Reached skill level 1 in Invocations
   230 | D:4      | Found a glowing drain.
   250 | Sewer    | Entered a sewer
   388 | Sewer    | Noticed a water moccasin
   438 | Sewer    | Succumbed to a water moccasin's poison

Illustrated notes

Levels and vault maps discovered:
D:3:      layout_loops_corners, serial_aquarium, aquarium_bridge_square
          [aquarium_subvault_window, aquarium_subvault_wall,
          aquarium_subvault_wall, aquarium_subvault_bridge],
          aquarium_window_fake, aquarium_window_1, aquarium_window_1,
          aquarium_view_2c, aquarium_pool_2, minivault_24, uniq_robin,
          uniq_grinder
D:4:      layout_basic, pdpol_temple_overflow_zin_treasury_gozag_greed,
          serial_forest, infiniplex_forest_clump_curved,
          infiniplex_forest_zigzag_2, infiniplex_forest_lined_corner,
          infiniplex_forest_clump_tiny, serial_shops, shop_fountains,
          cheibrodos_sewer_entry_drain, uniq_eustachio
D:5:      layout_gridville, uniq_blork_the_orc, uniq_pikel, uniq_prince_ribbit1
D:6:      layout_gridville, minmay_temple_entry_wispy, minmay_tree_intersection,
          grunt_ministairs_2
Sewer:    sewer_the_moccasin

Skill      XL: |  1  2  3 |
---------------+----------+-----
Stealth        | |  9.5
Invocations    | 1 |  1.0
Fighting       | |  6.5
Short Blades   | |  0.9
Long Blades    | |  0.9
Axes           | |  0.9
Maces & Flails | |  4.5
Polearms       | |  0.9
Staves         | |  0.9
Slings         | |  0.9
Bows           | |  0.9
Crossbows      | |  0.9
Throwing       | |  0.9
Armour         | |  0.9
Dodging        | |  4.5
Shields        | |  0.9
Unarmed Combat | |  0.9
Spellcasting   | |  0.9
Conjurations   | |  0.6
Hexes          | |  0.6
Summonings     | |  0.6
Necromancy     | |  0.6
Translocations | |  0.6
Transmutations | |  0.6
Fire Magic     | |  0.6
Ice Magic      | |  0.6
Air Magic      | |  0.6
Earth Magic    | |  0.6
Poison Magic   | |  0.6
Evocations     | |  0.9

Action                   || total
-------------------------++-------
Melee: Mace              ||    52
       Bite              ||     3
Throw: Stone             ||     4
  Use: Scroll            ||     1
       Potion            ||     3
 Stab: Sleeping          ||     2
Armor: Leather armour    ||     2
       Ring mail         ||    14
Dodge: Dodged            ||    36

Table legend: (Time is in decaauts)
 A = Elapsed time spent in this place.
 B = Non-inter-level travel time spent in this place.
 C = Inter-level travel time spent in this place.
 D = Time resting spent in this place.
 E = Time spent auto-exploring this place.
 F = Levels seen in this place.
 G = Mean time per level.
                   A        B        C        D        E       F      G
               +--------+--------+--------+--------+--------+-----+--------+
         Total |    443 |    430 |     13 |    151 |      2 |   5 |   88.6 |
       Dungeon |    254 |    241 |     13 |     82 |      0 |   4 |   63.5 |
         Sewer |    189 |    189 |      0 |     69 |      2 |   1 |  189.0 |
               +--------+--------+--------+--------+--------+-----+--------+

Top non-repeatable levels by time:
     D:4: 195 daAuts
   Sewer: 189 daAuts
     D:5: 34 daAuts
     D:6: 22 daAuts
     D:3: 1 daAuts
